 Dungeon Crawl Stone Soup version 0.25-a0-277-g7046ed1b37 (webtiles) character file.

Game seed: 15028036619036767209, levelgen mode: deterministic

0 Gargoyl the Skirmisher (level 1, -4/19 HPs)
             Began as a Centaur Abyssal Knight on Dec 9, 2019.
             Was a Follower of Lugonu.
             Killed from afar by a raiju (23 damage)
             ... with a living lightning
             ... on level 2 of the Abyss.
             The game lasted 00:00:41 (405 turns).

Gargoyl the Skirmisher (Centaur Abyssal Knight)      Turns: 405, Time: 00:00:41

Health: -4/19      AC:  4    Str: 14    XL:     1   Next: 0%
Magic:  2/2        EV:  9    Int: 11    God:    Lugonu [*.....]
Gold:   73         SH:  0    Dex:  8    Spells: 0/0 levels left

rFire    . . .     SeeInvis .   a - +1 hand axe
rCold    . . .     Gourm    .   (no shield)
rNeg     . . .     Faith    .   b - +0 leather armour
rPois    .         Spirit   .   (no helmet)
rElec    .         Reflect  .   (no cloak)
rCorr    .         Harm     .   (no gloves)
MR       .....                  (no barding)
Stlth    ..........             (no amulet)
HPRegen  0.06/turn              d - ring of flight
MPRegen  0.08/turn              (no ring)

@: very quick
A: large, hooves 3, deformed body, speed 2, tough skin 3
a: Depart the Abyss, Renounce Religion, Evoke Flight


You were on level 2 of the Abyss.
You worshipped Lugonu.
Lugonu was aware of your devotion.
You were not hungry.

You visited 0 branches of the dungeon, and saw 0 of its levels.
You visited the Abyss 1 time.

You collected 73 gold pieces.

Inventory:

Hand Weapons
 a - a +1 hand axe (weapon)
Armour
 b - a +0 leather armour (worn)
Jewellery
 d - a ring of flight (left hand)
Comestibles
 c - 3 rations


   Skills:
 + Level 3.0 Fighting
 + Level 1.7 Axes
 + Level 1.3 Armour
 + Level 0.6 Dodging
 + Level 2.0 Invocations


You couldn't memorise any spells.
You didn't know any spells.
Your spell library was empty.

Dungeon Overview and Level Annotations

Branches:
Dungeon (0/15)

Altars:

Annotations:
Abyss:2 2 transporters


Innate Abilities, Weirdness & Mutations

You have hooves in place of feet.
Armour fits poorly on your strangely shaped body.
You cover ground very quickly.
You have extremely tough skin. (AC +3)


Message History

Found a scroll labeled URHICV PEDGHI.
e - a scroll labeled URHICV PEDGHI
There are no items here.
As you read the scroll labeled URHICV PEDGHI, it crumbles to dust.
A profound silence engulfs you.
It was a scroll of silence.
A raiju comes into view.
The raiju bursts into living lightning!
The living lightning misses you.
The raiju blinks! x2
Unknown command.
A tentacled starspawn comes into view.
Your hearing returns.
Tentacles burst from the starspawn's body! 2 starspawn tentacles come into view.
The starspawn tentacle misses you.
A raiju comes into view.
The raiju barks!
The raiju bursts into living lightning!
The living lightning hits you!!
Ouch! That really hurt!
You die...

#. #.# ... #
#.## # . .#
...###.# .. ..
..#.#.ยง.#.#.#
#...#
#.h.......# # .
#..#.####@.#
.##. #.......#.#
..######.....#.#
#.#.#....#...#.#
##...##..#......
#..
...######....#.#
. # #..V....# .#
..###.#..## .
##....##..## ###
.#### .# #.#.#
#.#.## ... ##


You could see a raiju.

Vanquished Creatures (others)
  4 starspawn tentacles (Abyss:2)
4 creatures vanquished.

Notes
Turn   | Place    | Note
-------+----------+-------------------------------------------
     0 | Abyss:1  | Gargoyl the Centaur Abyssal Knight began the quest for the
                  | Orb.
     0 | Abyss:1  | Reached XP level 1. HP: 19/19 MP: 2/2
   140 | Abyss:1  | Found a corrupted altar of Lugonu.
   262 | Abyss:2  | Found a corrupted altar of Lugonu.
   263 | Abyss:2  | Found a transporter.
   266 | Abyss:2  | Found a transporter.
   311 | Abyss:2  | Noticed a large abomination
   371 | Abyss:2  | Noticed a raiju
   383 | Abyss:2  | Noticed a tentacled starspawn
   405 | Abyss:2  | Noticed a raiju
   405 | Abyss:2  | Killed from afar by a raiju

Levels and vault maps discovered:
Abyss:2:  gammafunk_corrupted_shrine

Action                   || total
-------------------------++-------
  Use: Scroll            ||     1
       Potion            ||     1
Dodge: Dodged            ||     2

Table legend:
 A = Non-vault XP
 B = Vault XP
 C = Vault XP percentage of total XP
 D = Non-vault monster count
 E = Vault monster count
 F = Vault count percentage of total count
                 A         B        C        D         E       F
            +---------+---------+-------+---------+---------+-------
      Total |       0 |       0 |   N/A |       0 |       0 |  -nan
            +---------+---------+-------+---------+---------+-------
            +---------+---------+-------+---------+---------+-------
